 Dungeon Crawl Stone Soup version 0.21-a0-241-g2cbab09 (webtiles) character file.

2194 tidbits the Martial Artist (level 8, -3/94 HPs)
             Began as a Demigod Transmuter on Sept 3, 2017.
             Engulfed by a cloud of flame (8 damage)
             ... in a bailey.
             The game lasted 00:25:45 (3386 turns).

tidbits the Martial Artist (Demigod Transmuter)     Turns: 3386, Time: 00:25:46

Health: -3/94      AC: 24    Str: 16 (18) XL:     8   Next: 88%
Magic:  4/14       EV:  2    Int: 19 (21) God:
Gold:   390        SH:  0    Dex: 14 (16) Spells: 5/11 levels left

rFire    . . .     SeeInvis .     - Unarmed
rCold    . . .     Gourm    .   (no shield)
rNeg     + + +     Faith    .   (armour currently unavailable)
rPois    +         Spirit   .   (helmet currently unavailable)
rElec    .         Reflect  .   (cloak currently unavailable)
rCorr    .         Harm     .   (gloves currently unavailable)
MR       .....     NoTele   +   (boots currently unavailable)
Stlth    ++........             n - amulet of magic regeneration
HPRegen  0.25/turn              y - ring of stealth
MPRegen  0.39/turn              (no ring)

@: mighty, tree-form
A: high mp 1
a: no special abilities


You were in a bailey.
You were very hungry.
You were a tree.
You visited 1 branch of the dungeon, and saw 9 of its levels.
You also visited: Sewer and Bailey.

You collected 390 gold pieces.

Inventory:

Hand Weapons
 j - a +0 flail
 x - a +0 war axe of venom
   (You found it on level 5 of the Dungeon)
 A - a +0 blowgun
Missiles
 a - 77 arrows
 b - 39 poisoned needles
 e - 85 stones (quivered)
 h - 4 throwing nets {!f}
Armour
 B - a +0 robe (melded)
 C - a scarf of resistance (melded)
   (You found it on level 8 of the Dungeon)
 G - a +0 pair of gloves (melded)
Magical Staves
 p - an uncursed staff of power {unknown}
   (You found it on level 4 of the Dungeon)
Jewellery
 n - an amulet of magic regeneration (around neck)
   (You found it on level 1 of the Dungeon)
 y - a ring of stealth (left branch)
   (You found it on level 5 of the Dungeon)
Wands
 s - a wand of lightning (0/15)
 u - a wand of digging (7/24)
Scrolls
 g - 8 scrolls of teleportation
 l - a scroll of magic mapping
 o - a scroll of recharging {unknown}
 r - 3 scrolls of remove curse
 t - a scroll of amnesia {unknown}
 H - a scroll of random uselessness {unknown}
Potions
 i - a potion of haste
Books
 c - a book of Changes

   Spells                             Type                      Level
   a - Beastly Appendage              Transmutation                1
   b - Sticks to Snakes               Transmutation                2
   c - Spider Form                    Transmutation/Poison         3
   d - Ice Form                       Ice/Transmutation            4
   e - Blade Hands                    Transmutation                5
 w - a book of Maledictions
   (You found it on level 5 of the Dungeon)

   Spells                             Type                      Level
   a - Corona                         Hexes                        1
   b - Ensorcelled Hibernation        Hexes/Ice                    2
   c - Confuse                        Hexes                        3
   d - Tukima's Dance                 Hexes                        3
   e - Dazzling Spray                 Conjuration/Hexes            3
Comestibles
 d - 3 bread rations
 k - 5 meat rations
 m - a chunk of flesh


   Skills:
 + Level 3.0 Fighting
 + Level 3.4 Dodging
 * Level 8.7 Unarmed Combat
 - Level 2.1 Spellcasting
 + Level 6.1 Transmutations


You had 5 spell levels left.
You knew the following spells:

 Your Spells              Type           Power        Failure   Level  Hunger
e - Beastly Appendage     Tmut           ####..       1%          1    #......
k - Sticks to Snakes      Tmut           ####....     1%          2    ##.....
p - Spider Form           Tmut/Pois      ##........   14%         3    ###....


Dungeon Overview and Level Annotations

Branches:
Dungeon (9/15)             Temple (0/1) D:5
   Lair: D:8-11         Orc: D:9-12

Shops:
D:4 [


Innate Abilities, Weirdness & Mutations

You have an increased reservoir of magic. (+10% MP)


Message History

t - Creak!
Orders for allies: a - Attack new target. p - Attack previous target. r - Retreat! s - Stop attacking. g - Guard the area. f - Follow me.
Anything else - Cancel.
Gang up on whom?
Press: ? - help, Dir - move target cursor, f - gnoll shaman, p - gnoll sergeant
Aim: a gnoll shaman, wielding a spear and wearing a scale mail (lightly wounded, poisoned) Attack!
Your adder bites the gnoll shaman but does no damage.
Your adder bites the gnoll but does no damage.
The gnoll sergeant hits you but does no damage.
The gnoll hits your adder with a trident!
Your adder dies!
Casting: Sticks to Snakes
Confirm with . or Enter, or press ? or * to list all spells.
You create a snake!
You now have 77 arrows.
The gnoll shaman hits you but does no damage.
The gnoll sergeant hits you but does no damage.
The gnoll completely misses your adder. What are your orders? t - Creak!
Orders for allies: a - Attack new target. p - Attack previous target. r - Retreat! s - Stop attacking. g - Guard the area. f - Follow me.
Anything else - Cancel.
Gang up on whom?
Press: ? - help, Dir - move target cursor, f/p - gnoll shaman
Aim: a gnoll shaman, wielding a spear and wearing a scale mail (lightly wounded, poisoned) Attack!
Your adder bites the gnoll shaman but does no damage.
The gnoll shaman hits you but does no damage.
Your adder bites the gnoll shaman but does no damage.
The gnoll barely misses your adder.
The gnoll sergeant hits you but does no damage.
Your adder bites the gnoll shaman.
Your adder completely misses the gnoll shaman.
The gnoll shaman calls upon its god to heal the gnoll sergeant.
The gnoll sergeant's wounds heal themselves!
Your adder closely misses the gnoll shaman.
The gnoll hits your adder with a trident.
Your adder barely misses the gnoll shaman.
The gnoll sergeant hits you from afar with a glaive.
Your ball python bites the gnoll shaman.
Your ball python closely misses the gnoll shaman.
Your adder bites the gnoll shaman.
The gnoll shaman hits you but does no damage.
Your adder misses the gnoll shaman. The gnoll closely misses your adder.
Your ball python barely misses the gnoll shaman.
Your ball python grabs the gnoll shaman.
Your ball python constricts the gnoll shaman.
Your adder bites the gnoll shaman but does no damage.
The gnoll sergeant hits you but does no damage.
The gnoll shaman misses your adder.
Your adder bites the gnoll shaman.
Your adder bites the gnoll shaman but does no damage.
Your ball python bites the gnoll shaman but does no damage.
Your ball python constricts the gnoll shaman.
The gnoll closely misses your adder.
Your adder bites the gnoll shaman.
The gnoll shaman mumbles some strange prayers to its god.
The gnoll shaman is healed somewhat.
The gnoll sergeant hits you from afar with a glaive!
Your adder bites the gnoll shaman but does no damage.
Okay, then.
As you read the scroll labeled QANTAT UDWECIUCS, it crumbles to dust.
The creatures around you are filled with an inner flame!
It was a scroll of immolation.
Your ball python bites the gnoll shaman but does no damage.
Your ball python constricts the gnoll shaman.
The gnoll closely misses your adder.
Your adder bites the gnoll shaman.
The gnoll shaman looks even sicker.
Your adder poisons the gnoll shaman!
The gnoll shaman barely misses your adder.
Your adder bites the gnoll shaman.
Your ball python bites the gnoll shaman.
Your ball python constricts the gnoll shaman.
It was a potion of heal wounds.
You feel much better.
Your adder bites the gnoll shaman.
The gnoll shaman explodes!
The fiery explosion engulfs the gnoll sergeant.
The gnoll sergeant explodes!
The fiery explosion engulfs your adder.
Your adder explodes!
The fiery explosion engulfs the gnoll.
The gnoll explodes!
Your Fighting skill increases to level 3!
The fiery explosion engulfs your adder.
Your adder explodes!
The fiery explosion engulfs your ball python.
Your ball python explodes!
The fiery explosion engulfs you!
* * * LOW HITPOINT WARNING * * *
The fiery explosion engulfs you!
* * * LOW HITPOINT WARNING * * *
You hear a splash.
You hear a shout!
Unknown command.
You cannot move.
You swing at nothing.
You are engulfed in blazing flames.
* * * LOW HITPOINT WARNING * * *
Okay, then.
You swing at nothing.
You are engulfed in blazing flames.
You die...

##)## #.%.# #...#
#)..#
.######§§§######.
...%%..§§§§...%..
≈......§§§§.....≈
≈≈≈≈≈≈≈§§§§≈≈≈≈≈≈
♣......§♣§§.....♣
♣♣♣.....).....♣♣♣
♣♣......%♣♣♣♣
♣♣♣♣.).♣♣ ♣♣)♣♣
♣†♣ ♣∩♣ ###


There were no monsters in sight!

Vanquished Creatures
  A hornet (D:9)
  A troll (D:8)
  An ice beast (D:8)
  An orc warrior (D:7)
  3 centaurs
  3 big kobolds (Sewer)
  2 bullfrogs
  3 gnoll sergeants (Bailey)
  A scorpion (D:4)
  An electric eel (D:6)
  A bullfrog zombie (D:5)
  A centaur skeleton (D:4)
  4 hounds
  2 gnoll shamans (Bailey)
  An orc wizard (D:9)
  A bullfrog skeleton (D:7)
  A worker ant (D:4)
  8 gnolls
  7 adders
  3 river rats (Sewer)
  A shadow imp (D:8)
  5 oozes (Sewer)
  3 worms (Sewer)
  2 leopard geckos
  6 orcs
  A ball python (Sewer)
  A bat (D:1)
  5 giant cockroaches
  4 goblins
  5 hobgoblins
  4 jackals
  7 kobolds
  A quokka (D:5)
  4 frilled lizards
  10 rats
105 creatures vanquished.

Vanquished Creatures (collateral kills)
  An ogre (D:6)
  2 gnoll sergeants (Bailey)
  3 gnoll shamans (Bailey)
  A worker ant (D:5)
  4 gnolls (Bailey)
  3 orcs
  3 goblins (D:9)
  A ball python (Sewer)
  2 kobolds
20 creatures vanquished.

Grand Total: 125 creatures vanquished

Notes
Turn   | Place    | Note
-------+----------+-------------------------------------------
     0 | D:1      | tidbits the Demigod Transmuter began the quest for the Orb.
     0 | D:1      | Reached XP level 1. HP: 15/15 MP: 5/5
    85 | D:1      | Found a sparkling altar of Nemelex Xobeh.
   144 | D:1      | Reached skill level 2 in Spellcasting
   187 | D:1      | Reached skill level 2 in Transmutations
   229 | D:1      | Reached XP level 2. HP: 13/22 MP: 5/7
   233 | D:1      | Learned a level 2 spell: Sticks to Snakes
   315 | D:2      | Reached skill level 3 in Unarmed Combat
   372 | D:2      | You fall through a shaft for 2 floors!
   500 | D:3      | Reached XP level 3. HP: 12/27 MP: 4/8
   542 | D:3      | Learned a level 3 spell: Spider Form
  1131 | D:4      | Found a snail-covered altar of Cheibriados.
  1138 | D:4      | Found Kogitenk's Armour Shoppe.
  1230 | D:4      | Found a basalt altar of Yredelemnul.
  1258 | D:4      | Reached XP level 4. HP: 34/34 MP: 9/9
  1286 | D:4      | Reached skill level 4 in Unarmed Combat
  1326 | D:4      | Reached skill level 3 in Transmutations
  1343 | D:4      | Reached XP level 5. HP: 25/39 MP: 7/10
  1351 | D:4      | Found a sacrificial altar of Ru.
  1368 | D:5      | Entered Level 5 of the Dungeon
  1442 | D:5      | Found a staircase to the Ecumenical Temple.
  1484 | D:5      | Found a shimmering altar of Xom.
  1647 | D:5      | Found a glowing drain.
  1652 | Sewer    | Entered a sewer
  1709 | Sewer    | Reached skill level 5 in Unarmed Combat
  1711 | Sewer    | Reached XP level 6. HP: 36/46 MP: 12/12
  1904 | Sewer    | HP: 2/46 [river rat (5)]
  2108 | Sewer    | Reached skill level 4 in Transmutations
  2278 | Sewer    | Reached skill level 6 in Unarmed Combat
  2409 | D:6      | Reached XP level 7. HP: 37/51 MP: 8/13
  2580 | D:7      | Reached skill level 7 in Unarmed Combat
  2580 | D:7      | Reached skill level 5 in Transmutations
  2591 | D:7      | HP: 4/51 [bullfrog (5)]
  2735 | D:9      | Noticed a two-headed ogre
  2825 | D:8      | Reached XP level 8. HP: 29/58 MP: 14/14
  2855 | D:8      | Noticed a troll
  2887 | D:8      | Killed a troll
  2887 | D:8      | Reached skill level 1 in Fighting
  2887 | D:8      | Reached skill level 2 in Dodging
  2887 | D:8      | Reached skill level 8 in Unarmed Combat
  2939 | D:8      | Found a glowing golden altar of the Shining One.
  3097 | D:9      | Noticed a hornet
  3097 | D:9      | Found a flagged portal.
  3109 | D:9      | Reached skill level 2 in Fighting
  3121 | D:9      | Killed a hornet
  3141 | Bailey   | Entered a bailey
  3149 | Bailey   | Reached skill level 6 in Transmutations
  3167 | Bailey   | Reached skill level 3 in Dodging
  3384 | Bailey   | Reached skill level 3 in Fighting
  3384 | Bailey   | HP: 9/94 [adder/exploding inner flame[the player character] (31)]
  3386 | Bailey   | Engulfed by a cloud of flame

Vault maps used:
D:1:      elethiomel_arrival_shortcut, kennysheep_small_spiral,
          nemelex_diamond_rough_becter
D:2:      nicolae_gozag_seed_capital, lemuel_round_altar, zin_academy,
          hangedman_decor_diamond_cutter, kennysheep_decorative_pillar, hex_tiny
D:4:      nicolae_ru_the_path_less_chosen, cheibriados_altar_1, kennysheep_mini,
          first_bread, serial_shops, shop
D:5:      minmay_temple_entry_hall, portal_sewer_entry_e, xom_teletrap_fun
D:6:      minmay_goblin_kobold_castle,
          grunt_temple_overflow_lords_of_destruction, old_standard_altar,
          lemuel_zombie_altar_kikubaaqudgha, serial_bayou_crossing
D:7:      overflow_temple_1_default
D:8:      kennysheep_little_box
D:9:      old_standard_altar, enter_bailey_3
Sewer:    sewer_co_tree
Bailey:   bailey_polearm_gnolls_kennysheep, bailey

Skill      XL: |  1  2  3  4  5  6  7  8 |
---------------+-------------------------+-----
Spellcasting   | 2 |  2.1
Transmutations | 2 3 4 5 6 |  6.1
Unarmed Combat | 3 4 5 6 7 8 |  8.7
Fighting       | 3 |  3.0
Dodging        | 3 |  3.4

Action                   |  1- 3 |  4- 6 |  7- 9 || total
-------------------------+-------+-------+-------++-------
Melee: Unarmed           |    94 |   125 |   105 ||   324
       Kick              |    13 |       |       ||    13
       Headbutt          |     4 |       |       ||     4
       Punch             |     2 |       |       ||     2
Throw: Stone             |     1 |       |       ||     1
 Cast: Beastly Appendage |    21 |       |       ||    21
       Sticks to Snakes  |     4 |     5 |    36 ||    45
       Spider Form       |     5 |    24 |    19 ||    48
 Abil: End Transformatio |       |     1 |     3 ||     4
Evoke: Wand              |       |       |     7 ||     7
  Use: Scroll            |     2 |     1 |     5 ||     8
       Potion            |       |       |     9 ||     9
 Stab: Sleeping          |     3 |     1 |     2 ||     6
       Distracted        |       |       |     2 ||     2
  Eat: Chunk             |     1 |     3 |     2 ||     6
       Royal jelly       |     1 |     1 |       ||     2
       Fruit             |       |     2 |       ||     2
       Meat ration       |       |       |     1 ||     1
Armor: Robe              |     7 |     3 |       ||    10
       Skin              |     3 |     2 |    15 ||    20
Dodge: Dodged            |    68 |    89 |   123 ||   280

Table legend:
 A = Spawn XP
 B = Non-spawn XP
 C = Spawn XP percentage of total XP
 D = Spawn monster count
 E = Non-spawn monster count
 F = Spawn count percentage of total count
 G = Total turns spent on level
                    A         B        C        D         E        F      G
               +---------+---------+-------+---------+---------+-------+---------
         Total |      16 |    3119 |   0.5 |       3 |     122 |   2.4 |  3386
               +---------+---------+-------+---------+---------+-------+---------
           D:1 |       2 |      26 |   7.1 |       1 |      15 |   6.2 |   705
           D:2 |       0 |      32 |   0.0 |       0 |       6 |   0.0 |   183
           D:3 |       1 |      36 |   2.7 |       1 |       8 |  11.1 |   192
           D:4 |       0 |     167 |   0.0 |       0 |       7 |   0.0 |   288
           D:5 |       0 |      76 |   0.0 |       0 |       3 |   0.0 |   319
           D:6 |       0 |     283 |   0.0 |       0 |       8 |   0.0 |   133
           D:7 |       0 |     385 |   0.0 |       0 |       8 |   0.0 |    96
           D:8 |      13 |     700 |   1.8 |       1 |       7 |  12.5 |   463
           D:9 |       0 |     359 |   0.0 |       0 |      10 |   0.0 |   113
         Sewer |       0 |     425 |   0.0 |       0 |      28 |   0.0 |   649
        Bailey |       0 |     630 |   0.0 |       0 |      22 |   0.0 |   245
               +---------+---------+-------+---------+---------+-------+---------

Table legend:
 A = Turns spent in this place as a percentage of turns spent in the entire game.
 B = Non-inter-level travel turns spent in this place as a percentage of non-inter-level travel turns spent in the entire game.
 C = Inter-level travel turns spent in this place as a percentage of turns spent in this place.
 D = Turns resting spent in this place as a percentage of non-inter-level travel turns spent in this place.
 E = Turns spent auto-exploring this place as a percentage of non-inter-level travel turns spent in this place.
 F = Non-inter-level travel turns spent in this place divided by the number of levels of this place that you've seen.
                   A       B       C       D       E      F
               +-------+-------+-------+-------+-------+----------------------
         Total | 100.0 | 100.0 |   5.6 |   0.0 |   0.4 | 290.7
       Dungeon |  73.6 |  72.0 |   7.5 |   0.0 |   0.5 | 256.0
         Sewer |  19.2 |  20.3 |   0.0 |   0.0 |   0.0 | 649.0
        Bailey |   7.2 |   7.7 |   0.0 |   0.0 |   0.0 | 245.0
               +-------+-------+-------+-------+-------+----------------------

Table legend:
 A = Kills in this place as a percentage of kills in entire the game.
 B = Kills by you in this place as a percentage of kills by you in the entire game.
 C = Kills by friends in this place as a percentage of kills by friends in the entire game.
 D = Other kills in this place as a percentage of other kills in the entire game.
 E = Experience gained in this place as a percentage of experience gained in the entire game.
 F = Experience gained in this place divided by the number of levels of this place that you have seen.
                   A       B       C       D       E      F
               +-------+-------+-------+-------+-------+----------------------
         Total | 100.0 | 100.0 | 100.0 |   N/A | 100.0 | 285.0
       Dungeon |  60.0 |  62.9 |  45.0 |   N/A |  66.3 | 231.1
         Sewer |  22.4 |  24.8 |  10.0 |   N/A |  13.6 | 425.0
        Bailey |  17.6 |  12.4 |  45.0 |   N/A |  20.1 | 630.0
               +-------+-------+-------+-------+-------+----------------------

Vault maps used:
D:1:      elethiomel_arrival_shortcut, kennysheep_small_spiral,
          nemelex_diamond_rough_becter
D:2:      nicolae_gozag_seed_capital, lemuel_round_altar, zin_academy,
          hangedman_decor_diamond_cutter, kennysheep_decorative_pillar, hex_tiny
D:4:      nicolae_ru_the_path_less_chosen, cheibriados_altar_1, kennysheep_mini,
          first_bread, serial_shops, shop
D:5:      minmay_temple_entry_hall, portal_sewer_entry_e, xom_teletrap_fun
D:6:      minmay_goblin_kobold_castle,
          grunt_temple_overflow_lords_of_destruction, old_standard_altar,
          lemuel_zombie_altar_kikubaaqudgha, serial_bayou_crossing
D:7:      overflow_temple_1_default
D:8:      kennysheep_little_box
D:9:      old_standard_altar, enter_bailey_3
Sewer:    sewer_co_tree
Bailey:   bailey_polearm_gnolls_kennysheep, bailey
